 Dungeon Sprint DCSS version 0.30-a0-465-g8901f6c8b5 (webtiles) character file.

Game seed: 457031608885117684

16 NinjaNoafa the Fighter (level 8, -1/74 HPs)
             Began as a Barachi Hunter on Dec 18, 2022.
             Was an Initiate of Uskayaw.
             Slain by a redback (11 damage)
             ... in the Dungeon (Sprint VI: "Thunderdome").
             The game lasted 00:06:09 (361 turns).

NinjaNoafa the Fighter (Barachi Hunter)              Turns: 361, Time: 00:06:09

Health: -1/74      AC:  3    Str: 12    XL:     8   Next: 3%
Magic:  3/12       EV: 17    Int: 21    God:    Uskayaw [......]
Gold:   50         SH:  0    Dex: 17    Spells: 7/7 levels left

rFire   + + .      SeeInvis .    a - +0 shortbow
rCold   . . .      Faith    .    (shield currently unavailable)
rNeg    + . .      Spirit   .    c - +0 leather armour
rPois   +          Reflect  .    (no helmet)
rElec   +          Harm     .    (no cloak)
rCorr   +          Rampage  .    (no gloves)
Will    +....      NoTele   +    (no boots)
Stlth   ++++......               n - amulet "Douvumi" {rElec Regen+ rCorr Str-2 Stlth+}
HPRegen 1.12/turn                p - ring of Peomikha {+Blink rElec rF+ Will+ Int+6}
MPRegen 0.13/turn                o - ring "Ikesmah" {rPois rF+ rN+ Int+6 Slay-2}

@: unable to hop, hasted, very quick
A: amphibious, slowness 1, strong legs 1, +LOS
a: Hop, Renounce Religion, Evoke Blink


You were in the Dungeon.
You worshipped Uskayaw.
Uskayaw was noncommittal.
You visited 1 branch You collected 230 gold pieces.
You spent 180 gold pieces at shops.

Inventory:

Hand Weapons
 a - a +0 shortbow (weapon)
Armour
 c - a +0 leather armour (worn)
Jewellery
 n - the amulet "Douvumi" (around neck) {rElec Regen+ rCorr Str-2 Stlth+}
   (You bought it in a shop in the Dungeon)

   [amulet of regeneration]

   Str:       It affects your strength (-2).
   rElec:     It insulates you from electricity.
   Regen:     It increases your rate of health regeneration.
   rCorr:     It protects you from acid and corrosion.
   Stlth:     It makes you more stealthy.
 o - the ring "Ikesmah" (right hand) {rPois rF+ rN+ Int+6 Slay-2}
   (You bought it in a shop in the Dungeon)

   [ring of intelligence]

   Int:       It affects your intelligence (+6).
   Slay:      It affects your accuracy & damage with ranged weapons and melee
   (-2).
   rF:        It protects you from fire.
   rPois:     It protects you from poison.
   rN:        It protects you from negative energy.
 p - the ring of Peomikha (left hand) {+Blink rElec rF+ Will+ Int+6}
   (You bought it in a shop in the Dungeon)

   [ring of intelligence]

   Int:       It affects your intelligence (+6).
   rF:        It protects you from fire.
   rElec:     It insulates you from electricity.
   +Blink:    It lets you blink.
   Will:      It increases your willpower.
Scrolls
 b - a scroll of immolation
 i - 4 scrolls of blinking
 m - 3 scrolls of fog
Potions
 d - a potion of curing
 f - a potion of haste
 g - 2 potions of magic
 h - a potion of berserk rage
 j - a potion of resistance


   Skills:
 * Level 10.7 Fighting
 - Level 7.0 Ranged Weapons
 * Level 9.8 Dodging
 - Level 5.6 Stealth
 + Level 5.3 Invocations
 + Level 6.5 Evocations


You had 7 spell levels left.
You didn't know any spells.
Your spell library was empty.

Dungeon Overview and Level Annotations

Branches:
Dungeon (1/1)

Altars:
Cheibriados
Dithmenos
Fedhas
Gozag
Kikubaaqudgha
Makhleb
Okawaru
Qazlal
Ru
Sif Muna
Trog
Uskayaw
Vehumet
Wu Jian
Xom
Yredelemnul
Zin
The Shining One
Lugonu

Shops:
D *[??*?*:[((!!!!


Innate Abilities, Weirdness & Mutations

You are amphibious.
You cover ground slowly.
You can hop short distances.
You have an extended range of vision and can be seen from far away.


Message History

You kill the boulder beetle!
You can no longer stomp with the beat.
Your Fighting skill gained 3 levels and is now at level 10!
Your Dodging skill gained 3 levels and is now at level 9!
Your Invocations skill gained 2 levels and is now at level 5!
Your Evocations skill gained 3 levels and is now at level 6!
You have reached level 7!
You have reached level 8!
You feel stronger.
A redback is nearby!
You are too injured to fight recklessly!
Fire: a) +0 shortbow
Press: ? - help, Q - select action, (/) - cycle Shift-Dir - straight line, f - redback
Aim: a redback (60% to hit)
You shoot an arrow. The arrow hits the redback!
The redback is moderately wounded.
You feel stable enough to blink again.
Fire: a) +0 shortbow
Press: ? - help, Q - select action, (/) - cycle Shift-Dir - straight line, f/p - redback
Aim: a redback (moderately wounded, 60% to hit)
You shoot an arrow. The arrow closely misses the redback.
Fire: a) +0 shortbow
Press: ? - help, Q - select action, (/) - cycle Shift-Dir - straight line, f/p - redback
Aim: a redback (moderately wounded, 60% to hit)
You shoot an arrow. The arrow barely misses the redback.
The redback bites you but does no damage.
Fire: a) +0 shortbow
Press: ? - help, Q - select action, (/) - cycle Shift-Dir - straight line, f/p - redback
Aim: a redback (lightly wounded, 60% to hit)
You shoot an arrow.
The arrow completely misses the redback.
The redback closely misses you. The redback bites you!
* * * LOW HITPOINT WARNING * * *
You feel yourself speed up. The redback barely misses you.
The redback bites you!
* * * LOW HITPOINT WARNING * * *
The redback attacks as you move away! The redback bites you.
* * * LOW HITPOINT WARNING * * *
The redback bites you!
You die...

#_......._#
###.........###
#⌠...........⌠#
######.8...†.○...8†###
##._._......###°.....__
###∩=.......8.# #.8......
##.............###........
#⌠..........###...###.....
#⌠.......@..# #.<.# #.....
#⌠.......s..###...###.....
##.............###........
###∩........8.# #.8......
##∩.._......###......__
######.8.........8.###
#⌠...........⌠#
###.....÷÷..###
#_÷......_#


You could see a redback.

Vanquished Creatures
  A boulder beetle (D)
  3 necrophages (D)
  A scorpion (D)
  A hell rat (D)
  2 quokkas (D)
  A ball python zombie (D)
  A jackal zombie (D)
  A rat (D)
11 creatures vanquished.

Notes
Turn   | Place    | Note
-------+----------+-------------------------------------------
     0 | D        | NinjaNoafa the Barachi Hunter began the quest for the Orb.
     0 | D        | Reached XP level 1. HP: 17/17 MP: 1/1
     1 | D        | Found a snail-covered altar of Cheibriados.
     1 | D        | Found a hide-covered altar of Uskayaw.
     1 | D        | Found an ornate altar of the Wu Jian Council.
     2 | D        | Found a blossoming altar of Fedhas.
     3 | D        | Found a shimmering blue altar of Sif Muna.
     3 | D        | Found a sacrificial altar of Ru.
     3 | D        | Found Qeaneokhirae's Premium Goods.
     3 | D        | Found Maekump's Weapon Rack.
     4 | D        | Found an iron altar of Okawaru.
     4 | D        | Found Ceusmel's Miscellaneous Merchandise.
     4 | D        | Found Muhiefeo's Basic Armour.
     4 | D        | Found a bloodstained altar of Trog.
     5 | D        | Found Xeni Gyv's Identification Station.
     5 | D        | Round 1.
     8 | D        | Found an ancient bone altar of Kikubaaqudgha.
     9 | D        | Found a glowing silver altar of Zin.
    10 | D        | Found a basalt altar of Yredelemnul.
    11 | D        | Found Kojuph's Do-It-Yourself Clinic.
    12 | D        | Found Sifahorgh's Bottled Wisdom.
    12 | D        | Found Duxkena's Distillery.
    12 | D        | Found an opulent altar of Gozag.
    12 | D        | Found a radiant altar of Vehumet.
    12 | D        | Found a glowing golden altar of the Shining One.
    12 | D        | Found Jebuysaw's Distillery.
    16 | D        | Found a stormy altar of Qazlal.
    16 | D        | Noticed a necrophage
    17 | D        | Found a burning altar of Makhleb.
    18 | D        | Found a corrupted altar of Lugonu.
    19 | D        | Found a shadowy altar of Dithmenos.
    19 | D        | Found a shimmering altar of Xom.
    19 | D        | Found Corphixko's Staff Store.
    19 | D        | Found Ywinafry's Magic Scroll Shop.
    38 | D        | Reached skill level 1 in Stealth
    38 | D        | Killed a necrophage
    39 | D        | Reached skill level 5 in Fighting
    39 | D        | Reached skill level 5 in Ranged Weapons
    39 | D        | Reached XP level 2. HP: 24/27 MP: 2/2
    39 | D        | Reached XP level 3. HP: 29/33 MP: 3/3
    39 | D        | Reached XP level 4. HP: 35/39 MP: 4/4
    40 | D        | Noticed a necrophage
    44 | D        | Became a worshipper of Uskayaw the Reveller
    47 | D        | Reached * piety under Uskayaw
    51 | D        | Reached ** piety under Uskayaw
    58 | D        | Killed a necrophage
    59 | D        | Reached skill level 6 in Fighting
    59 | D        | Reached skill level 5 in Dodging
    59 | D        | Reached XP level 5. HP: 35/46 MP: 5/5
    78 | D        | Reached skill level 7 in Fighting
    78 | D        | Reached skill level 5 in Stealth
    86 | D        | Found Weleek's Advanced Armour.
    86 | D        | Found Hizauf's Jewellery.
    89 | D        | Arena points: 6 (+6) [x1]
    96 | D        | Bought an ancient amethyst amulet for 45 gold pieces
    96 | D        | Identified the amulet "Douvumi" {rElec Regen+ rCorr Str-2
                  | Stlth+} (You bought it in a shop in the Dungeon)
   102 | D        | Round 2.
   103 | D        | Bought an ancient pewter ring for 45 gold pieces
   103 | D        | Identified the ring "Uxkat" {Fly SInv Stlth+} (You bought
                  | it in a shop in the Dungeon)
   103 | D        | Bought a bound tin ring for 45 gold pieces
   103 | D        | Identified the ring of Peomikha {+Blink rElec rF+ Will+
                  | Int+6} (You bought it in a shop in the Dungeon)
   107 | D        | Bought a brightly glowing platinum ring for 45 gold pieces
   107 | D        | Identified the ring "Ikesmah" {rPois rF+ rN+ Int+6 Slay-2}
                  | (You bought it in a shop in the Dungeon)
   170 | D        | Reached skill level 1 in Invocations
   170 | D        | Reached skill level 1 in Evocations
   182 | D        | Found Qaol's Must-Have Magic.
   182 | D        | Found Liekkett's Magic Scroll Shop.
   208 | D        | Arena points: 16 (+10) [x1]
   222 | D        | Round 3.
   233 | D        | Reached XP level 6. HP: 55/55 MP: 6/8
   244 | D        | Noticed a boulder beetle
   311 | D        | HP: 2/55 [boulder beetle (16)]
   350 | D        | Noticed a redback
   350 | D        | Killed a boulder beetle
   351 | D        | Reached skill level 10 in Fighting
   351 | D        | Reached skill level 5 in Invocations
   351 | D        | Reached XP level 7. HP: 18/67 MP: 2/11
   351 | D        | Reached XP level 8. HP: 20/74 MP: 2/12
   361 | D        | Slain by a redback

Illustrated notes

Levels and vault maps discovered:
D:        arena_sprint

Skill      XL: |  1  2  3  4  5  6 |
---------------+-------------------+-----
Stealth        | 3 4 5 |  5.6
Fighting       | 5 6 7 10 | 10.7
Ranged Weapons | 5 6 7 |  7.0
Dodging        | 4 5 6 9 |  9.8
Invocations    | 3 5 |  5.3
Evocations     | 3 6 |  6.5

Action                   |  1- 3 |  4- 6 |  7- 9 || total
-------------------------+-------+-------+-------++-------
 Fire: Shortbow          |     6 |   100 |     4 ||   110
Invok: Stomp             |       |     2 |       ||     2
 Abil: Hop               |     1 |     4 |       ||     5
       Evoke Blink       |       |     2 |       ||     2
Evoke: Wand              |     2 |     8 |       ||    10
  Use: Potion            |     1 |     5 |     1 ||     7
Armor: Leather armour    |     2 |     7 |     1 ||    10
Dodge: Dodged            |     6 |    38 |     2 ||    46

Table legend: (Time is in decaauts)
 A = Elapsed time spent in this place.
 B = Non-inter-level travel time spent in this place.
 C = Inter-level travel time spent in this place.
 D = Time resting spent in this place.
 E = Time spent auto-exploring this place.
 F = Levels seen in this place.
 G = Mean time per level.
                   A        B        C        D        E       F      G
               +--------+--------+--------+--------+--------+-----+--------+
         Total |    389 |    389 |      0 |     12 |     96 |   1 |  389.0 |
       Dungeon |    389 |    389 |      0 |     12 |     96 |   1 |  389.0 |
               +--------+--------+--------+--------+--------+-----+--------+

Top non-repeatable levels by time:
       D: 389 daAuts
